 Dungeon Crawl Stone Soup version 0.28.0-53-g5a82cb258f (webtiles) character file.

Game seed: 13804339214570787344

2141 Sin92 the Skirmisher (level 9, -2/69 HPs)
             Began as a Demonspawn Fighter on June 6, 2022.
             Slain by a six-headed hydra (6 damage)
             ... on level 6 of the Dungeon.
             The game lasted 00:12:09 (6023 turns).

Sin92 the Skirmisher (Demonspawn Fighter)           Turns: 6023, Time: 00:12:10

Health: -2/69      AC: 22    Str: 19    XL:     9   Next: 9%
Magic:  0/9        EV: 11    Int: 10    God:
Gold:   430        SH:  5    Dex: 14    Spells: 8/8 levels left

rFire   . . .      SeeInvis .   q - +1 whip (flame)
rCold   . . .      Faith    .   c - +0 buckler
rNeg    . . .      Spirit   +   k - +3 scale mail {Will+}
rPois   .          Reflect  .   j - +2 helmet
rElec   .          Harm     .   n - scarf {repulsion}
rCorr   .          Rampage  .   (no gloves)
Will    +....                   (no boots)
Stlth   ..........              e - amulet of guardian spirit
HPRegen 0.21/turn               (no ring)
MPRegen 0.11/turn               (no ring)

@: sanguine armoured, repel missiles
A: hooves 2, powered by death 1, sanguine armour 2
a: no special abilities


You were on level 6 of the Dungeon.
You visited 2 branches of the dungeon, and saw 7 of its levels.

You collected 430 gold pieces.

Inventory:

Hand Weapons
 a - a +0 war axe
 q - a +1 whip of flaming (weapon)
Armour
 c - a +0 buckler (worn)
 j - a +2 helmet (worn)
 k - a +3 scale mail of willpower (worn)
 l - a +2 chain mail of positive energy
 n - a scarf of repulsion (worn)
Jewellery
 e - an amulet of guardian spirit (around neck)
 t - an amulet of faith
Potions
 b - a potion of berserk rage {unknown}
 d - a potion of invisibility {unknown}
 f - 2 potions of heal wounds
 g - a potion of flight
 h - a potion of ambrosia {unknown}
 m - 4 potions of curing
 o - a potion of mutation {unknown}
 p - a potion of lignification {unknown}


   Skills:
 + Level 6.1 Fighting
 + Level 5.2 Axes
 + Level 5.5 Armour
 + Level 4.6 Dodging
 + Level 5.6 Shields


You had 8 spell levels left.
You didn't know any spells.
Your spell library contained the following spells:

 Spells                   Type           Power      Damage    Failure   Level
 Dazzling Flash           Conj/Hex       0%         N/A       99%         3
 Iskenderun's Mystic Bla  Conj/Tloc      0%         2d3       100%        4
 Starburst                Conj/Fire      0%         6d3       100%        6


Dungeon Overview and Level Annotations

Branches:
Dungeon (6/15)             Temple (1/1) D:4

Altars:
Ashenzari
Cheibriados
Fedhas
Kikubaaqudgha
Nemelex Xobeh
Qazlal
Sif Muna
Trog
Uskayaw
Vehumet
Wu Jian
Xom
Zin
Lugonu

Shops:
D:1 :


Innate Abilities, Weirdness & Mutations

You have hoof-like feet.
You regenerate a little health from kills.
When seriously injured, your blood forms thick armour. (AC +9)


Message History

The six-headed hydra bites you.
You whack the six-headed hydra! You burn the six-headed hydra.
The six-headed hydra is severely wounded.
The six-headed hydra barely misses you. The six-headed hydra bites you.
The six-headed hydra bites you but does no damage. x2
The six-headed hydra misses you.
You block the six-headed hydra's attack.
You completely miss the six-headed hydra.
Your kick misses the six-headed hydra.
The six-headed hydra is severely wounded.
The six-headed hydra bites you.
The six-headed hydra closely misses you.
The six-headed hydra bites you.
You block the six-headed hydra's attack.
The six-headed hydra bites you but does no damage. x2
You hit the six-headed hydra. You burn the six-headed hydra.
You kick the six-headed hydra.
The six-headed hydra is severely wounded.
The six-headed hydra bites you but does no damage.
The six-headed hydra bites you.
* * * LOW HITPOINT WARNING * * *
The six-headed hydra bites you but does no damage. x3
The six-headed hydra bites you.
* * * LOW HITPOINT WARNING * * *
You hit the six-headed hydra. You burn the six-headed hydra.
You kick the six-headed hydra!
The six-headed hydra is almost dead.
The six-headed hydra bites you but does no damage. x2
The six-headed hydra closely misses you.
The six-headed hydra bites you but does no damage. x2
The six-headed hydra closely misses you.
You hit the six-headed hydra. You burn the six-headed hydra.
You kick the six-headed hydra.
The six-headed hydra is almost dead.
You block the six-headed hydra's attack.
The six-headed hydra bites you!
* * * LOW HITPOINT WARNING * * *
The six-headed hydra bites you but does no damage.
The six-headed hydra bites you!
You die...

#.#.###.#.##......
............#
#.#.....#.##.#.###
............# #.#####'#....#.#
............# #.........####.#
............####....<....+....#
..............##.........######
.........................#
.........................#
................@D.......#
..............##.........#
.###################.....# ##
......# #


You could see a six-headed hydra.

Vanquished Creatures
  Pikel (D:4)
  Grinder (D:3)
  Sigmund (D:3)
  A steam dragon (D:6)
  An ogre (D:5)
  A phantom (D:5)
  3 lemures (D:4)
  3 kobold brigands (D:4)
  2 scorpions
  5 killer bees (D:5)
  A hound (D:6)
  A jelly (D:4)
  An iguana (D:6)
  Terence (D:2)
  Ijyb (D:3)
  Natasha (thrice) (D:4)
  Robin (D:2)
  A howler monkey zombie (D:5)
  9 gnolls (D:4)
  4 adders
  An adder skeleton (D:4)
  2 worms
  3 dart slugs
  2 orcs
  9 ball pythons
  7 bats
  5 endoplasms
  2 giant cockroaches (D:1)
  17 goblins
  13 hobgoblins
  4 jackals (D:5)
  40 kobolds (D:4)
  3 quokkas
  2 frilled lizards
  A rat (D:1)
153 creatures vanquished.

Notes
Turn   | Place    | Note
-------+----------+-------------------------------------------
     0 | D:1      | Sin92 the Demonspawn Fighter began the quest for the Orb.
     0 | D:1      | Reached XP level 1. HP: 18/18 MP: 1/1
   353 | D:1      | Gained mutation: You regenerate a little health from kills.
                  | [demonic ancestry]
   353 | D:1      | Reached XP level 2. HP: 24/24 MP: 2/2
   470 | D:1      | Found Hoklam's Book Boutique.
   831 | D:2      | Noticed Terence
   846 | D:2      | Killed Terence
   847 | D:2      | Reached skill level 1 in Dodging
   847 | D:2      | Gained mutation: When seriously injured, your blood forms
                  | armour. (AC +9) [demonic ancestry]
   847 | D:2      | Reached XP level 3. HP: 15/29 MP: 3/3
  1171 | D:2      | Noticed Robin
  1175 | D:2      | Reached XP level 4. HP: 33/35 MP: 4/4
  1566 | D:2      | Killed Robin
  1587 | D:2      | Found a faded altar of an unknown god.
  1713 | D:3      | Noticed Ijyb
  1753 | D:3      | Killed Ijyb
  1970 | D:3      | Gained mutation: You have large cloven feet. [demonic
                  | ancestry]
  1970 | D:3      | Reached XP level 5. HP: 42/42 MP: 5/5
  1977 | D:3      | Noticed Sigmund
  1995 | D:3      | Killed Sigmund
  1996 | D:3      | Reached skill level 4 in Fighting
  1996 | D:3      | Gained mutation: When seriously injured, your blood forms
                  | thick armour. (AC +9) [demonic ancestry]
  1996 | D:3      | Reached XP level 6. HP: 30/48 MP: 4/6
  2102 | D:3      | Found a stormy altar of Qazlal.
  2250 | D:3      | Noticed Grinder
  2267 | D:3      | Killed Grinder
  2586 | D:4      | Noticed Natasha
  2595 | D:4      | Killed Natasha
  2656 | D:4      | Reached XP level 7. HP: 55/55 MP: 7/7
  2742 | D:4      | Noticed Natasha
  2748 | D:4      | Killed Natasha
  2843 | D:4      | Found a staircase to the Ecumenical Temple.
  2848 | Temple   | Entered the Ecumenical Temple
  3038 | D:4      | Found a blossoming altar of Fedhas.
  3118 | D:4      | Found a broken altar of Ashenzari.
  3227 | D:4      | Identified the +1 robe of the Many Persimmons {Dex+4}
  3441 | D:4      | Noticed Natasha
  3456 | D:4      | Killed Natasha
  3578 | D:4      | Noticed Pikel
  3607 | D:4      | Killed Pikel
  3608 | D:4      | Reached skill level 5 in Fighting
  3608 | D:4      | Reached skill level 5 in Shields
  3608 | D:4      | Gained mutation: You have hoof-like feet. [demonic
                  | ancestry]
  3608 | D:4      | Reached XP level 8. HP: 26/63 MP: 6/8
  3744 | D:4      | Reached skill level 5 in Armour
  4046 | D:5      | Entered Level 5 of the Dungeon
  4102 | D:5      | Found a snail-covered altar of Cheibriados.
  4937 | D:5      | Reached skill level 5 in Axes
  5275 | D:5      | Reached skill level 6 in Fighting
  5450 | D:6      | Reached XP level 9. HP: 26/69 MP: 3/9
  5741 | D:6      | Noticed a six-headed hydra
  6023 | D:6      | Slain by a six-headed hydra

Illustrated notes

Levels and vault maps discovered:
D:1:      dpeg_arrival_rooms_c, layout_loops_ring, serial_shops, shop,
          nrook_uturn
D:2:      layout_loops_ring, shapermc_ecumenical_altar_mp_vishouse, uniq_robin,
          uniq_terence
D:3:      layout_loops_cross, mainiacjoe_overflow_concentric_impassable,
          uniq_ijyb, uniq_grinder, uniq_sigmund
D:4:      minmay_goblin_kobold_castle, layout_basic,
          mainiacjoe_overflow_alcove_1, amcnicky_altar_gilded, temple_doors_cd,
          uniq_pikel, uniq_natasha
D:5:      layout_cave_pods, kennysheep_slug_shrine, serial_bayou_pond_d
D:6:      layout_basic
Temple:   corrupted_temple

Skill      XL: |  1  2  3  4  5  6  7  8 |
---------------+-------------------------+-----
Axes           | 2 3 4 5 |  5.2
Armour         | 3 4 5 |  5.5
Dodging        | 1 2 3 4 |  4.6
Shields        | 3 4 5 |  5.6
Fighting       | 4 5 6 |  6.1

Action                   |  1- 3 |  4- 6 |  7- 9 || total
-------------------------+-------+-------+-------++-------
Melee: War axe           |    86 |   106 |   252 ||   444
       Kick              |       |    11 |    68 ||    79
       Whip              |       |       |     9 ||     9
  Use: Scroll            |     1 |     2 |     6 ||     9
       Potion            |       |     1 |     3 ||     4
Armor: Scale mail        |    64 |    58 |   191 ||   313
Dodge: Dodged            |    56 |    47 |   177 ||   280
       Repelled          |       |     1 |       ||     1
Block: Buckler           |    15 |    23 |    93 ||   131
